 Seeded DCSS version 0.32-a0-86-g8db1b9f803 (webtiles) character file.

Game seed: 15265241679069849840 (custom seed)

5536 qw the Skirmisher (level 11, 68/68 HPs) *WIZ*
             Began as a Kobold Hunter on Oct 1, 2023.
             Was a Believer of Okawaru.
             Quit the game on level 9 of the Dungeon on Feb 5, 2024.
             The game lasted 00:11:16 (7243 turns).

qw the Skirmisher (Kobold Hunter)                   Turns: 7243, Time: 00:11:17

Health: 68/68      AC: 12    Str: 15    XL:     11   Next: 1%
Magic:  13/13      EV: 16    Int: 10    God:    Okawaru 51 (0)
Gold:   358        SH:  0    Dex: 17    Spells: 10/10 levels left

rFire   . . .        Y - +5 orcbow (drain)
rCold   . . .        (shield currently unavailable)
rNeg    . . .        l - +1 steam dragon scales
rPois   .            c - +0 helmet
rElec   .            b - +0 cloak
rCorr   .            (no gloves)
SInv    .            d - +2 pair of boots
Will    .....        (no amulet)
Stlth   +++          (no ring)
HPRegen 0.31/turn    (no ring)
MPRegen 0.13/turn

%: no passive effects
@: no status effects
A: small, no large weapons, nightstalker 3
a: Renounce Religion, Build terrain, Set terrain to build, Clear terrain to
floor, Heroism


You were on level 9 of the Dungeon.
You worshipped Okawaru.
Okawaru was pleased with you.
You visited 2 branches of the dungeon, and saw 10 of its levels.

You collected 644 gold pieces.
You spent 286 gold pieces at shops.


Innate Abilities, Weirdness & Mutations

You are small and have problems with some larger weapons.
You are completely attuned to the shadows.


   Skills:
 - Level 8.0 Fighting
 - Level 12.7 Ranged Weapons
 - Level 4.0 Armour
 + Level 4.0 Dodging
 - Level 1.1 Stealth
 + Level 3.6 Invocations


You had 10 spell levels left.
You didn't know any spells.
Your spell library was empty.

Inventory:

Hand Weapons
 Y - a +5 orcbow of draining (weapon)
Armour
 b - a +0 cloak (worn)
 c - a +0 helmet (worn)
 d - a +2 pair of boots (worn)
 l - +1 steam dragon scales (worn)
Wands
 k - a wand of acid (15)
 n - a wand of paralysis (13) (quivered)
 o - a wand of roots (4)
Scrolls
 a - 4 scrolls of teleportation
 f - 5 scrolls of identify
Potions
 e - 4 potions of heal wounds
 g - 2 potions of might {unknown}
 h - 4 potions of haste
 i - 5 potions of curing
 j - a potion of magic
 m - 2 potions of resistance

Dungeon Overview and Level Annotations

Branches:
Dungeon (9/15)             Temple (1/1) D:7
   Lair: D:8-11         Orc: D:9-12

Altars:
Ashenzari
Dithmenos
Elyvilon
Fedhas
Hepliaklqana
Kikubaaqudgha
Makhleb
Nemelex Xobeh
Okawaru
Qazlal
Ru
Sif Muna
Trog
Uskayaw
Vehumet
Wu Jian
Xom
Yredelemnul
Zin
The Shining One

Shops:
D:2 (   D:3 *   D:4 ?   D:5 [!

Annotations:
D:1 1 transporter


Message History

Welcome back, qw the Kobold Hunter.
Game seed: 15265241679069849840 (custom seed) Okawaru says: Bring me glory in combat!
Press ? for a list of commands and other information.
You have reached level 11!
Enter note:
Enter note:
Enter note:
Enter note:
Enter note:
Enter note:
Enter note:
Enter note:
Enter note:
Enter note:
Enter note:
Enter note:
Enter note:
Enter note:
Enter note:
Enter note:
Enter note:
Enter note:
Enter note:
Enter note:
Enter note:
Enter note:
Enter note:
Enter note:
Enter note:
Enter note:
Enter note:
Enter note:
Enter note:
Enter note:
Enter note:
Enter note:
Enter note:
7243 ||| PLANNING D:1-11 Are you sure you want to abandon this character and quit the game? (Confirm with "yes".)

...##....##~¤¤..~¤~###....#
........##¤¤¤¤..~¤~¤##...##
.......##~¤¤¤~.¤¤¤~¤~##.##
......##~~¤¤¤¤..~¤¤¤~~###
.....##~¤~~~~~..¤~~¤~~¤
#### ...###
¤~~¤¤~~..¤~~~~~¤ #..#
.....# ~¤~¤¤~~..~~¤¤¤¤¤
#..## .....#
~~¤¤~~#..#~¤~¤~~ #...#
.....# ¤~~¤~¤.~~@~¤¤¤~~
#..## .....#
¤¤~¤¤~.~~.~~~~¤ #.## .....#
~¤~~#)(#~¤¤¤ #.# .....#
~¤¤¤¤¤~¤~~¤¤ #.## .....#
~¤¤¤~~~~~¤¤¤ #..#####
....### ¤~¤~~~~~~¤¤¤
##...##.## ...##.#
¤¤~~~¤¤¤¤¤ ##.........
##....### ##..####...<
........# ##.#.........


There were no monsters in sight!

Vanquished Creatures
  Joseph (D:7)
  Prince Ribbit (D:5)
  A shadow (D:9)
  A yak (D:7)
  A wyvern (D:9)
  A wraith (D:9)
  3 steam dragons
  Menkaure (D:7)
  5 water moccasins
  Edmund (D:6)
  Duvessa (D:5)
  3 orc warriors
  4 sky beasts (D:7)
  4 ice beasts
  A black bear (D:8)
  An ogre (D:5)
  2 centaurs
  A phantom (D:5)
  A bullfrog (D:7)
  A kobold brigand (D:9)
  A gnoll sergeant (D:8)
  3 scorpions
  A wight (D:7)
  Dowan (D:5)
  3 howler monkeys (D:9)
  3 lava snakes (D:9)
  3 hounds
  2 orc priests
  A gnoll bouda (D:8)
  3 jellies
  4 sleepcaps
  Jessica (D:3)
  5 iguanas
  12 orc wizards
  Robin (D:3)
  12 gnolls
  12 adders
  A shadow imp (D:5)
  2 white imps (D:8)
  2 ufetubi
  3 ribbon worms
  5 dart slugs
  32 orcs
  6 bats (D:1)
  4 endoplasms
  A giant cockroach (D:4)
  17 goblins
  6 hobgoblins
  2 jackals (D:3)
  9 kobolds
  3 quokkas
  8 ball pythons
  5 frilled lizards
  3 rats
212 creatures vanquished.

Notes
Turn   | Place    | Note
-------+----------+-------------------------------------------
     0 | D:1      | qw the Gargoyle Hunter began the quest for the Orb.
     0 | D:1      | Reached XP level 1. HP: 12/12 MP: 1/1
     0 | D:1      | 0 ||| qw: Version: 0.3-a-100-g973d98f
     0 | D:1      | 0 ||| qw: Game counter: 58
     0 | D:1      | 0 ||| qw: Melee chars always use a shield: true
     0 | D:1      | 0 ||| qw: God list: Okawaru
     0 | D:1      | 0 ||| qw: Allow faded altars: false
     0 | D:1      | 0 ||| qw: Do Orc after clearing Dungeon:15 true
     0 | D:1      | 0 ||| qw: Do second Lair branch before Depths: true
     0 | D:1      | 0 ||| qw: Lair rune preference: random
     0 | D:1      | 0 ||| qw: Goals: Normal, Save, Zot:1-4, Win
     0 | D:1      | 0 ||| PLANNING D:1-11
    51 | D:1      | Reached XP level 2. HP: 17/17 MP: 2/2
   482 | D:1      | 482 ||| READING scroll labelled ZACRAFIONO.
   483 | D:1      | 483 ||| READING scroll labelled ZEGOPA XIUQO.
   484 | D:1      | 484 ||| READING scroll labelled BYZUIQ VIYNYIKH.
   489 | D:1      | 489 ||| DRINKING 2 murky silvery potions.
   490 | D:1      | 490 ||| DROPPING scroll of butterflies.
   528 | D:2      | Found Newkecoe's Weapon Emporium.
   548 | D:2      | Reached XP level 3. HP: 21/21 MP: 3/3
   583 | D:2      | Reached skill level 5 in Ranged Weapons
   588 | D:2      | Found a faded altar of an unknown god.
   811 | D:2      | 811 ||| UPGRADING to +0 pair of boots.
   816 | D:2      | 816 ||| UPGRADING to +0 ring mail.
   826 | D:2      | 826 ||| DROPPING +0 leather armour.
   827 | D:2      | 827 ||| READING scroll labelled ILATHR NIQ NAU.
   828 | D:2      | 828 ||| DRINKING 2 coppery potions.
   861 | D:3      | 861 ||| FLEEEEING.
   893 | D:3      | Noticed Robin
   901 | D:3      | Reached skill level 1 in Armour
   904 | D:3      | Killed Robin
   905 | D:3      | Reached skill level 3 in Fighting
   905 | D:3      | Reached XP level 4. HP: 22/28 MP: 4/4
   905 | D:3      | 905 ||| FLEEEEING.
   906 | D:3      | 906 ||| FLEEEEING.
   907 | D:3      | 907 ||| FLEEEEING.
   908 | D:3      | 908 ||| STAIRDANCE
   928 | D:2      | 928 ||| UPGRADING to +0 cloak.
  1085 | D:3      | Found Boxuokil's General Store.
  1093 | D:3      | 1093 ||| SHOPLISTING +5 robe of Night {Dark Will+ SInv}
                  | (720 gold, have 114).
  1093 | D:3      | 1093 ||| SHOPLISTING amulet of the Four Winds {rN+ Will+++
                  | Clar} (728 gold, have 114).
  1093 | D:3      | 1093 ||| SHOPLISTING ring of fire (300 gold, have 114).
  1093 | D:3      | 1093 ||| BUYING scroll of enchant armour (90 gold).
  1093 | D:3      | Bought a scroll of enchant armour for 90 gold pieces
  1093 | D:3      | 1093 ||| BUYING scroll of identify (24 gold).
  1093 | D:3      | Bought a scroll of identify for 24 gold pieces
  1093 | D:3      | 1093 ||| READING 2 scrolls of enchant armour.
  1093 | D:3      | 1093 ||| ENCHANTING +0 pair of boots.
  1094 | D:3      | 1094 ||| READING scroll of enchant armour.
  1094 | D:3      | 1094 ||| ENCHANTING +1 pair of boots.
  1158 | D:3      | Noticed Jessica
  1170 | D:3      | Killed Jessica
  1171 | D:3      | Reached XP level 5. HP: 32/32 MP: 5/5
  1213 | D:3      | Reached skill level 6 in Ranged Weapons
  1472 | D:3      | 1472 ||| UPGRADING to +0 helmet.
  1477 | D:3      | 1477 ||| READING scroll labelled ECOSOL ZYWONG.
  1478 | D:3      | 1478 ||| READING 2 scrolls of identify.
  1478 | D:3      | 1478 ||| IDENTIFYING emerald potion
  1479 | D:3      | 1479 ||| READING scroll of identify.
  1479 | D:3      | 1479 ||| IDENTIFYING bubbling emerald potion
  1480 | D:3      | 1480 ||| DROPPING potion of berserk rage.
  1481 | D:3      | 1481 ||| DROPPING potion of magic.
  1512 | D:4      | 1512 ||| PLANNING SEWER
  1558 | D:4      | 1558 ||| Stepping ~*~*~tactically~*~*~ (retreating).
  1559 | D:4      | 1559 ||| Stepping ~*~*~tactically~*~*~ (retreating).
  1573 | D:4      | Reached XP level 6. HP: 21/37 MP: 6/6
  1728 | D:4      | Found Keveg's Magic Scroll Shoppe.
  1735 | D:4      | 1735 ||| BUYING scroll of identify (24 gold).
  1735 | D:4      | Bought a scroll of identify for 24 gold pieces
  1735 | D:4      | 1735 ||| BUYING scroll of teleportation (36 gold).
  1735 | D:4      | Bought a scroll of teleportation for 36 gold pieces
  1993 | D:4      | Found a glowing drain.
  2127 | D:4      | Noticed an orc warrior
  2128 | D:4      | 2128 ||| Stepping ~*~*~tactically~*~*~ (retreating).
  2130 | D:4      | 2130 ||| Stepping ~*~*~tactically~*~*~ (retreating).
  2131 | D:4      | 2131 ||| Stepping ~*~*~tactically~*~*~ (retreating).
  2132 | D:4      | 2132 ||| Stepping ~*~*~tactically~*~*~ (retreating).
  2133 | D:4      | 2133 ||| Stepping ~*~*~tactically~*~*~ (retreating).
  2134 | D:4      | 2134 ||| Stepping ~*~*~tactically~*~*~ (retreating).
  2135 | D:4      | 2135 ||| Stepping ~*~*~tactically~*~*~ (retreating).
  2136 | D:4      | 2136 ||| Stepping ~*~*~tactically~*~*~ (retreating).
  2153 | D:4      | HP: 5/38 [orc warrior/+1 short sword of holy wrath (6)]
  2154 | D:4      | 2154 ||| READING 5 scrolls of teleportation.
  2155 | D:4      | 2155 ||| DRINKING 2 amethyst potions.
  2249 | D:4      | 2249 ||| RIP SEWER
  2250 | D:4      | 2250 ||| PLANNING D:1-11
  2254 | D:4      | Killed an orc warrior
  2255 | D:4      | Reached XP level 7. HP: 18/43 MP: 7/7
  2272 | D:4      | 2272 ||| DRINKING 2 potions of curing.
  2272 | D:4      | 2272 ||| (to cure confusion)
  2277 | D:4      | Reached skill level 7 in Ranged Weapons
  2465 | D:4      | 2465 ||| DRINKING potion of curing.
  2465 | D:4      | 2465 ||| (to cure confusion)
  2470 | D:4      | 2470 ||| FLEEEEING.
  2471 | D:4      | 2471 ||| FLEEEEING.
  2783 | D:4      | 2783 ||| READING scroll labelled VAVA AROXIDI.
  2783 | D:4      | Identified a scroll of acquirement
  2783 | D:4      | 2783 ||| 2783 ||| Offered +0 crystal plate armour "Vikhoof"
                  | {rC+ Regen+}
  2783 | D:4      | 2783 ||| 2783 ||| Offered ring of the Mutiny {rF+ rC+ AC+4}
  2783 | D:4      | 2783 ||| 2783 ||| Offered +4 orcbow of draining
  2783 | D:4      | 2783 ||| 2783 ||| Offered 624 gold pieces
  2783 | D:4      | 2783 ||| ACQUIRING +4 orcbow of draining
  2783 | D:4      | Acquired a +4 orcbow of draining
  2785 | D:4      | 2785 ||| SWAPPING to +4 orcbow of draining.
  2786 | D:4      | 2786 ||| DROPPING +0 shortbow.
  2787 | D:4      | 2787 ||| READING scroll labelled XUG ZOVUFA.
  2788 | D:4      | 2788 ||| READING scroll of identify.
  2788 | D:4      | 2788 ||| IDENTIFYING inky potion
  2789 | D:4      | 2789 ||| DROPPING potion of ambrosia.
  2818 | D:5      | Entered Level 5 of the Dungeon
  2858 | D:5      | Noticed Prince Ribbit
  2875 | D:5      | Killed Prince Ribbit
  2876 | D:5      | Reached skill level 8 in Ranged Weapons
  2931 | D:5      | Reached XP level 8. HP: 48/48 MP: 8/8
  2974 | D:5      | Noticed Duvessa
  2976 | D:5      | Noticed Dowan
  2979 | D:5      | Killed Duvessa
  2986 | D:5      | Killed Dowan
  3037 | D:5      | Found Yssiwn's Distillery.
  3048 | D:5      | 3048 ||| SHOPLISTING 2 potions of mutation (224 gold, have
                  | 115).
  3048 | D:5      | 3048 ||| BUYING potion of curing (42 gold).
  3048 | D:5      | Bought a potion of curing for 42 gold pieces
  3048 | D:5      | 3048 ||| BUYING potion of heal wounds (70 gold).
  3048 | D:5      | Bought a potion of heal wounds for 70 gold pieces
  3117 | D:5      | Found Hesoit's Armour Boutique.
  3125 | D:5      | 3125 ||| SHOPLISTING +1 helmet of intelligence (247 gold,
                  | have 3).
  3141 | D:5      | Reached skill level 9 in Ranged Weapons
  3278 | D:5      | Reached skill level 3 in Armour
  3651 | D:5      | 3651 ||| UPGRADING to amulet of guardian spirit.
  3656 | D:5      | 3656 ||| DRINKING 2 sedimented orange potions.
  3657 | D:5      | 3657 ||| READING scroll of identify.
  3657 | D:5      | 3657 ||| IDENTIFYING golden potion
  3658 | D:5      | 3658 ||| DROPPING potion of brilliance.
  3659 | D:5      | 3659 ||| DROPPING potion of degeneration.
  3832 | D:6      | Found the crystal ball of Wucad Mu {*channel}
  3833 | D:6      | Noticed Edmund
  3842 | D:6      | Killed Edmund
  3843 | D:6      | Reached skill level 6 in Fighting
  4076 | D:6      | Found a sparkling altar of Nemelex Xobeh.
  4082 | D:6      | Found a shimmering blue altar of Sif Muna.
  4205 | D:6      | Reached XP level 9. HP: 56/56 MP: 9/9
  4396 | D:6      | Reached skill level 10 in Ranged Weapons
  4566 | D:6      | 4566 ||| READING scroll labelled SISUJUGGIEZU.
  4613 | D:7      | Found a staircase to the Ecumenical Temple.
  4614 | D:7      | 4614 ||| PLANNING TEMPLE
  4631 | Temple   | Entered the Ecumenical Temple
  4632 | Temple   | 4632 ||| PLANNING D:1-11
  4636 | D:7      | Found a flagged portal.
  4764 | D:7      | Reached skill level 11 in Ranged Weapons
  4769 | D:7      | Reached skill level 3 in Dodging
  5075 | D:7      | Reached XP level 10. HP: 64/64 MP: 10/10
  5112 | D:7      | Noticed Menkaure
  5121 | D:7      | Killed Menkaure
  5348 | D:7      | Found an iron altar of Okawaru.
  5349 | D:7      | 5349 ||| PLANNING OKAWARU WORSHIP
  5349 | D:7      | 5349 ||| READING scroll labelled MISTAQ GUOCROILYE.
  5350 | D:7      | 5350 ||| DRINKING 2 pink potions.
  5396 | D:7      | 5396 ||| READING 4 scrolls of identify.
  5396 | D:7      | 5396 ||| IDENTIFYING metallic clear potion
  5397 | D:7      | 5397 ||| DROPPING potion of lignification.
  5402 | D:7      | Became a worshipper of Warmaster Okawaru
  5403 | D:7      | 5403 ||| PLANNING D:1-11
  5403 | D:7      | 5403 ||| REMOVING amulet of guardian spirit.
  5706 | D:7      | Noticed Joseph
  5713 | D:7      | Killed Joseph
  5714 | D:7      | Reached skill level 12 in Ranged Weapons
  5770 | D:7      | 5770 ||| DROPPING amulet of guardian spirit.
  6052 | D:8      | 6052 ||| Stepping ~*~*~tactically~*~*~ (retreating).
  6062 | D:8      | Reached * piety under Okawaru
  6120 | D:8      | Reached skill level 1 in Invocations
  6399 | D:8      | 6399 ||| UPGRADING to +0 steam dragon scales.
  6409 | D:8      | 6409 ||| DROPPING +0 ring mail.
  6410 | D:8      | 6410 ||| READING scroll labelled BORERO XUICS.
  6527 | D:9      | 6527 ||| FLEEEEING.
  6528 | D:9      | 6528 ||| FLEEEEING.
  6529 | D:9      | 6529 ||| FLEEEEING.
  6530 | D:9      | 6530 ||| FLEEEEING.
  6531 | D:9      | 6531 ||| FLEEEEING.
  6532 | D:9      | 6532 ||| FLEEEEING.
  6533 | D:9      | 6533 ||| FLEEEEING.
  6534 | D:9      | 6534 ||| FLEEEEING.
  6535 | D:9      | 6535 ||| FLEEEEING.
  6536 | D:9      | 6536 ||| FLEEEEING.
  6537 | D:9      | 6537 ||| FLEEEEING.
  6538 | D:9      | 6538 ||| FLEEEEING.
  6539 | D:9      | 6539 ||| FLEEEEING.
  6540 | D:9      | 6540 ||| FLEEEEING.
  6541 | D:9      | 6541 ||| FLEEEEING.
  6542 | D:9      | 6542 ||| FLEEEEING.
  6543 | D:9      | 6543 ||| FLEEEEING.
  6544 | D:9      | 6544 ||| FLEEEEING.
  6545 | D:9      | 6545 ||| STAIRDANCE
  6627 | D:9      | 6627 ||| PLANNING D:1-11
  6627 | D:9      | 6627 ||| STAIRDANCE
  6893 | D:9      | 6893 ||| READING scroll of enchant armour.
  6893 | D:9      | 6893 ||| ENCHANTING +0 steam dragon scales.
  6938 | D:9      | Reached skill level 3 in Invocations
  6951 | D:9      | Reached ** piety under Okawaru
  7178 | D:9      | Upgraded the game from 0.31-a0-845-g9abc20d24f to
                  | 0.31-a0-924-ge39a22a033
  7178 | D:9      | 7178 ||| PLANNING D:1-11
  7178 | D:9      | Entered wizard mode.
  7179 | D:9      | Upgraded the game from 0.31-a0-924-ge39a22a033 to
                  | 0.31-a0-931-g7b59d4eb97
  7179 | D:9      | 7179 ||| PLANNING D:1-11
  7182 | D:9      | Upgraded the game from 0.31-a0-931-g7b59d4eb97 to
                  | 0.32-a0-33-g74fbe469d6
  7183 | D:9      | Upgraded the game from 0.32-a0-33-g74fbe469d6 to
                  | 0.32-a0-42-ga30500b4d3
  7183 | D:9      | 7183 ||| qw: Version: 0.3-a-132-g3d54051
  7183 | D:9      | 7183 ||| qw: Game counter: 58
  7183 | D:9      | 7183 ||| qw: Melee chars always use a shield: true
  7183 | D:9      | 7183 ||| qw: Do Orc after clearing Dungeon:15 true
  7183 | D:9      | 7183 ||| qw: Do second Lair branch before Depths: true
  7183 | D:9      | 7183 ||| qw: Lair rune preference: random
  7183 | D:9      | 7183 ||| qw: Goals: Normal
  7183 | D:9      | 7183 ||| PLANNING D:1-11
  7243 | D:9      | Upgraded the game from 0.32-a0-42-ga30500b4d3 to
                  | 0.32-a0-86-g8db1b9f803
  7243 | D:9      | Reached XP level 11. HP: 68/68 MP: 13/13
  7243 | D:9      | 7243 ||| qw: Version: 0.3-a-132-g3d54051
  7243 | D:9      | 7243 ||| qw: Game counter: 58
  7243 | D:9      | 7243 ||| qw: Melee chars always use a shield: true
  7243 | D:9      | 7243 ||| qw: Do Orc after clearing Dungeon:15 true
  7243 | D:9      | 7243 ||| qw: Do second Lair branch before Depths: true
  7243 | D:9      | 7243 ||| qw: Lair rune preference: random
  7243 | D:9      | 7243 ||| qw: Goals: Normal
  7243 | D:9      | 7243 ||| PLANNING D:1-11
  7243 | D:9      | Quit the game

Levels and vault maps discovered: [+gen,+vis] D:1: spicycebolla_arrival_risky_transporter, layout_basic [+gen,+vis] D:2: layout_rooms, serial_shops, nicolae_square_shop, hellmonk_ecumenical_altar_blasted [+gen,+vis] D:3: layout_basic, serial_shops, shop, saegor_snake_ambush, uniq_jessica, uniq_robin [+gen,+vis] D:4: layout_basic, portal_sewer_entry_c, serial_shops, shop [+gen,+vis] D:5: layout_basic, serial_shops, shop_fountains, shop, uniq_prince_ribbit1, uniq_crazy_yiuf_cottage, uniq_duvessa [+gen,+vis] D:6: cheibrodos_quashed, layout_basic, mainiacjoe_overflow_large_starburst, minmay_misc_feat_chi, uniq_edmund [+gen,+vis] D:7: corexii_shack_village, layout_basic, mainiacjoe_overflow_alcove_1, minmay_temple_entry_glassed_door, enter_bailey_5, minmay_joined_circles, uniq_menkaure, uniq_joseph [+gen,+vis] D:8: layout_loops_ring [+gen,+vis] D:9: kennysheep_big_flooded_room, layout_cave_pools, hangedman_decor_slide_cut, minmay_misc_feat_iff, nicolae_concentric_dashed_squares_mild [+gen,-vis] D:10 [+gen,-vis] D:11 [+gen,-vis] D:12 [+gen,-vis] D:13 [+gen,-vis] D:14 [+gen,-vis] D:15 [+gen,+vis] Temple: bh_familiar_temple [+gen,-vis] Lair:1 [+gen,-vis] Lair:2 [+gen,-vis] Lair:3 [+gen,-vis] Lair:4 [+gen,-vis] Lair:5 [+gen,-vis] Swamp:1 [+gen,-vis] Swamp:2 [+gen,-vis] Swamp:3 [+gen,-vis] Swamp:4 [+gen,-vis] Shoals:1 [+gen,-vis] Shoals:2 [+gen,-vis] Shoals:3 [+gen,-vis] Shoals:4 [+gen,-vis] Snake:1 [+gen,-vis] Snake:2 [+gen,-vis] Snake:3 [+gen,-vis] Snake:4 [+gen,-vis] Spider:1 [+gen,-vis] Spider:2 [+gen,-vis] Spider:3 [+gen,-vis] Spider:4 [+gen,-vis] Slime:1 [+gen,-vis] Slime:2 [+gen,-vis] Slime:3 [+gen,-vis] Slime:4 [+gen,-vis] Slime:5 [+gen,-vis] Orc:1 [+gen,-vis] Orc:2 [+gen,-vis] Elf:1 [+gen,-vis] Elf:2 [+gen,-vis] Elf:3 [+gen,-vis] Vaults:1 [+gen,-vis] Vaults:2 [+gen,-vis] Vaults:3 [+gen,-vis] Vaults:4 [+gen,-vis] Vaults:5 [+gen,-vis] Crypt:1 [+gen,-vis] Crypt:2 [+gen,-vis] Crypt:3 [+gen,-vis] Tomb:1 [+gen,-vis] Tomb:2 [+gen,-vis] Tomb:3 [+gen,-vis] Depths:1 [+gen,-vis] Depths:2 [+gen,-vis] Depths:3 [+gen,-vis] Depths:4 [+gen,-vis] Hell [+gen,-vis] Dis:1 [+gen,-vis] Dis:2 [+gen,-vis] Dis:3 [+gen,-vis] Dis:4 [+gen,-vis] Dis:5 [+gen,-vis] Dis:6 [+gen,-vis] Dis:7 [+gen,-vis] Geh:1 [+gen,-vis] Geh:2 [+gen,-vis] Geh:3 [+gen,-vis] Geh:4 [+gen,-vis] Geh:5 [+gen,-vis] Geh:6 [+gen,-vis] Geh:7 [+gen,-vis] Coc:1 [+gen,-vis] Coc:2 [+gen,-vis] Coc:3 [+gen,-vis] Coc:4 [+gen,-vis] Coc:5 [+gen,-vis] Coc:6 [+gen,-vis] Coc:7 [+gen,-vis] Tar:1 [+gen,-vis] Tar:2 [+gen,-vis] Tar:3 [+gen,-vis] Tar:4 [+gen,-vis] Tar:5 [+gen,-vis] Tar:6 [+gen,-vis] Tar:7 [+gen,-vis] Zot:1 [+gen,-vis] Zot:2 [+gen,-vis] Zot:3 [+gen,-vis] Zot:4 [+gen,-vis] Zot:5 [+gen,-vis] Abyss:1 [+gen,-vis] Abyss:2 [+gen,-vis] Abyss:3 [+gen,-vis] Abyss:4 [+gen,-vis] Abyss:5 [+gen,-vis] Abyss:6 [+gen,-vis] Abyss:7 [+gen,-vis] Pan [+gen,-vis] Zig:1 [+gen,-vis] Zig:2 [+gen,-vis] Zig:3 [+gen,-vis] Zig:4 [+gen,-vis] Zig:5 [+gen,-vis] Zig:6 [+gen,-vis] Zig:7 [+gen,-vis] Zig:8 [+gen,-vis] Zig:9 [+gen,-vis] Zig:10 [+gen,-vis] Zig:11 [+gen,-vis] Zig:12 [+gen,-vis] Zig:13 [+gen,-vis] Zig:14 [+gen,-vis] Zig:15 [+gen,-vis] Zig:16 [+gen,-vis] Zig:17 [+gen,-vis] Zig:18 [+gen,-vis] Zig:19 [+gen,-vis] Zig:20 [+gen,-vis] Zig:21 [+gen,-vis] Zig:22 [+gen,-vis] Zig:23 [+gen,-vis] Zig:24 [+gen,-vis] Zig:25 [+gen,-vis] Zig:26 [+gen,-vis] Zig:27 [+gen,-vis] Bazaar [+gen,-vis] Trove [+gen,-vis] Sewer: kennysheep_pipe_town [+gen,-vis] Ossuary [+gen,-vis] Bailey: bailey_polearm_5, bailey [+gen,-vis] IceCv [+gen,-vis] Volcano [+gen,-vis] WizLab [+gen,-vis] Desolation [+gen,-vis] Gauntlet [+gen,-vis] Arena

Skill      XL: |  1  2  3  4  5  6  7  8  9 10 |
---------------+-------------------------------+-----
Ranged Weapons | 5 6 8 9 11 12 | 12.7
Armour         | 1 2 3 4 |  4.0
Fighting       | 3 4 6 8 |  8.0
Dodging        | 2 3 4 |  4.0
Invocations    | 3 |  3.6
Stealth        | |  1.1

Action                     |  1- 3 |  4- 6 |  7- 9 | 10-12 || total
---------------------------+-------+-------+-------+-------++-------
   Fire: Shortbow          |    85 |   187 |    66 |       ||   338
         Orcbow            |       |       |   251 |   206 ||   457
  Evoke: Wand              |       |       |       |     2 ||     2
    Use: Scroll            |     4 |     6 |     5 |     4 ||    19
         Potion            |     2 |     1 |     3 |     1 ||     7
 Armour: Leather armour    |     8 |       |       |       ||     8
         Ring mail         |    16 |   147 |   133 |    30 ||   326
         Steam dragon scal |       |       |       |    27 ||    27
  Dodge: Dodged            |    16 |    64 |    63 |    30 ||   173

Table legend:
 A = Non-vault XP
 B = Vault XP
 C = Vault XP percentage of total XP
 D = Non-vault monster count
 E = Vault monster count
 F = Vault count percentage of total count
                 A         B        C        D         E       F
            +---------+---------+-------+---------+---------+-------
      Total |    5387 |    2727 |  33.6 |     167 |      45 |  21.2
            +---------+---------+-------+---------+---------+-------
        D:1 |      27 |       0 |   0.0 |      17 |       0 |   0.0
        D:2 |      34 |       0 |   0.0 |      13 |       0 |   0.0
        D:3 |      83 |      92 |  52.6 |      13 |      11 |  45.8
        D:4 |     545 |       0 |   0.0 |      30 |       0 |   0.0
        D:5 |     530 |     480 |  47.5 |      12 |       3 |  20.0
        D:6 |     703 |     157 |  18.3 |      22 |       1 |   4.3
        D:7 |    1032 |    1998 |  65.9 |      18 |      30 |  62.5
        D:8 |    1025 |       0 |   0.0 |      23 |       0 |   0.0
        D:9 |    1408 |       0 |   0.0 |      19 |       0 |   0.0
            +---------+---------+-------+---------+---------+-------
